Carnivores vs Rafales
Created - November 17, 2020 at 19:25
Goals
|
| Carnivores |
1 |
3 |
1 |
5 |
| Rafales |
1 |
1 |
0 |
2 |
|
Shots
|
| Carnivores |
10 |
21 |
10 |
41 |
| Rafales |
6 |
9 |
14 |
29 |
|
1st period
1. Carnivores , Brett Connolly 1 (Hunter Shinkaruk 2, Trevor Van Riemsdyk 1) at 3:29
2. Rafales , Brian Ferlin 5 (Jayson Megna 4) at 4:49
Penalties :
Dylan McIlrath (Stf) for Hooking (Minor) at 0:21, Zac Dalpe (Stf) for High sticking (Minor) at 12:48
2nd period
3. Carnivores , Blake Geoffrion 11 (Anton Gustafsson 8, Joel Armia 7) at 0:39
4. Rafales , Brian Ferlin 6 (Julian Melchiori 6, Gabriel Carlsson 4) at 11:32
5. Carnivores , Nicolas Deslauriers 3 (Markus Granlund 4) at 14:56
6. Carnivores , Hunter Shinkaruk 2 (Travis Dermott 10, Mattias Backman 1) at 16:21
Penalties :
James Sheppard (Stf) for Roughing (Minor) at 6:28, Josh Morrissey (Bre) for Holding Stick (Minor) at 18:26
3rd period
7. Carnivores , Chris Lawrence 10 (Scott Laughton 17) at 9:30
Penalties :
James Sheppard (Stf) for Charging (Minor) at 9:52, Mat Clark (Bre) for Hooking (Minor) at 17:28
Goalie Stats
Niklas Svedberg (Bre), 27 saves from 29 shots - (0.931), W, 4-1-1, 60:00 minutes
Leland Irving (Stf), 36 saves from 41 shots - (0.878), L, 5-8-1, 60:00 minutes
Players Stats for Carnivores
Player Name G A P +/- PIM S H SB GA TA FO MP PP MP PK MP
------------------------------------------------------------------------------------
Adam Almquist 0 0 0 1 0 0 0 0 0 0 0/0 6:31 0:00 0:00
Andreas Englund 0 0 0 1 0 1 0 1 0 0 0/0 17:35 0:00 2:50
Anton Gustafsson 0 1 1 1 0 1 1 0 0 1 5/12 18:52 3:17 2:28
Blake Geoffrion 1 0 1 1 0 5 0 0 1 0 1/2 15:10 3:17 0:00
Brett Connolly 1 0 1 2 0 2 0 0 0 0 0/0 8:30 0:00 0:00
Carl Dahlstrom 0 0 0 1 0 0 0 0 0 0 0/0 9:00 0:00 0:00
Chris Lawrence 1 0 1 0 0 3 1 0 2 0 1/4 19:10 4:39 0:00
Hunter Shinkaruk 1 1 2 2 0 2 1 0 0 0 0/0 8:30 0:00 0:00
Joel Armia 0 1 1 1 0 3 0 0 0 0 1/1 13:52 3:17 0:00
Josh Morrissey 0 0 0 0 2 4 1 0 0 0 0/0 24:37 5:02 0:53
Lucas Wallmark 0 0 0 2 0 0 0 1 0 0 1/2 8:30 0:00 0:00
Mark McNeill 0 0 0 0 0 2 1 0 0 0 0/0 11:51 0:00 0:00
Markus Granlund 0 1 1 0 0 1 1 2 0 0 3/7 12:47 0:00 0:55
Mat Clark 0 0 0 0 2 2 2 2 0 0 0/0 21:54 5:02 0:02
Mattias Backman 0 1 1 1 0 1 1 1 0 0 0/0 20:49 2:54 2:10
Nicolas Deslauriers 1 0 1 0 0 3 1 0 0 0 0/0 13:22 0:00 1:30
Nicolas Kerdiles 0 0 0 0 0 3 2 1 2 0 0/1 22:58 4:39 2:28
Riley Barber 0 0 0 0 0 0 0 0 0 0 1/1 1:49 0:00 0:25
Scott Laughton 0 1 1 0 0 6 2 0 0 1 20/32 18:47 4:39 0:10
Travis Dermott 0 1 1 1 0 2 0 0 0 1 0/0 12:53 2:54 0:00
Trevor Van Riemsdyk 0 1 1 1 0 0 1 0 0 1 0/0 8:33 0:00 2:01
Players Stats for Rafales
Player Name G A P +/- PIM S H SB GA TA FO MP PP MP PK MP
------------------------------------------------------------------------------------
Andrew Shaw 0 0 0 -1 0 1 1 0 0 0 2/2 17:44 1:26 0:00
Ben Johnson 0 0 0 0 0 0 0 0 0 0 0/0 1:42 0:00 0:54
Ben Thomson 0 0 0 -2 0 0 1 0 0 0 0/0 12:24 0:00 1:29
Borna Rendulic 0 0 0 -1 0 3 1 0 0 0 0/0 8:53 0:12 0:00
Brian Ferlin 2 0 2 1 0 5 3 1 1 0 0/0 19:54 2:20 4:55
Connor Murphy 0 0 0 -3 0 4 1 2 1 0 0/0 27:15 2:35 2:42
Dylan McIlrath 0 0 0 -2 2 1 4 1 0 2 0/0 20:06 1:16 0:00
Gabriel Carlsson 0 1 1 0 0 1 0 1 0 0 0/0 24:35 2:42 2:42
Garret Ross 0 0 0 1 0 1 2 0 1 0 0/0 12:49 1:26 0:00
James Livingstone 0 0 0 -2 0 1 0 1 0 0 0/2 11:05 0:00 0:00
James Sheppard 0 0 0 -1 4 0 1 0 0 1 1/1 21:05 2:32 1:32
Jayson Megna 0 1 1 1 0 0 2 2 0 0 7/16 17:03 0:00 4:49
Joe Labate 0 0 0 -2 0 0 0 1 1 0 3/8 12:46 1:26 0:14
Joey Laleggia 0 0 0 0 0 0 0 1 0 0 0/0 6:50 0:00 5:14
Julian Melchiori 0 1 1 0 0 5 3 2 0 2 0/0 27:53 1:16 5:14
Pavel Kraskovsky 0 0 0 -1 0 2 3 0 0 0 0/2 8:41 0:00 0:00
Slater Koekkoek 0 0 0 -1 0 1 0 1 0 0 0/0 11:56 0:07 0:00
Tyrell Goulbourne 0 0 0 -1 0 0 1 0 0 0 0/0 8:41 0:00 0:00
Zac Dalpe 0 0 0 -1 2 4 3 0 0 0 16/31 20:38 2:32 1:59
3 Stars
1 - Hunter Shinkaruk (Bre)
2 - Brian Ferlin (Stf)
3 - Brett Connolly (Bre)
Power Play
Carnivores - 0 on 4 Attempt(s) - 0.00%
Rafales - 0 on 2 Attempt(s) - 0.00%
Penalty Kill
Carnivores - 2 on 2 Attempt(s) - 100.00%
- Score 0 goal in Penalty Kill
Rafales - 4 on 4 Attempt(s) - 100.00%
- Score 0 goal in Penalty Kill
Team Stat
Carnivores - Hits : 15 - Faceoff Wins : 33 - Blocked Shots : 8 - Penalty Minutes : 4
Rafales - Hits : 26 - Faceoff Wins : 29 - Blocked Shots : 13 - Penalty Minutes : 8
Official
Referees : Unknown
Linesman : Unknown
Game Notes
No Game Note
Finance
Level 1 -- Attendance: 1421 (71.05%) -- Ticket Income $56,840
Level 2 -- Attendance: 639 (63.90%) -- Ticket Income $12,780
Total Attendance: 2060 (68.67%)
Total Ticket Income: $69,620
Other Income: $3,481
Total Income: $73,101
Carnivores
5 vs 5 Forward
Center Left Wing Right Wing Time % Phy DF OF
1 Scott Laughton Nicolas Kerdiles Chris Lawrence 40 1 2 2
2 Anton Gustafsson Blake Geoffrion Joel Armia 30 1 2 2
3 Markus Granlund Nicolas Deslauriers Mark McNeill 20 1 2 2
4 Lucas Wallmark Hunter Shinkaruk Brett Connolly 10 1 2 2
5 vs 5 Defense
Defense Defense Time % Phy DF OF
1 Mat Clark Josh Morrissey 40 1 2 2
2 Andreas Englund Mattias Backman 30 1 2 2
3 Carl Dahlstrom Travis Dermott 20 1 2 2
4 Trevor Van Riemsdyk Adam Almquist 10 1 2 2
PowerPlay Forward
Center Left Wing Right Wing Time % Phy DF OF
1 Scott Laughton Nicolas Kerdiles Chris Lawrence 60 1 1 3
2 Anton Gustafsson Blake Geoffrion Joel Armia 40 1 2 2
PowerPlay Defense
Defense Defense Time % Phy DF OF
1 Mat Clark Josh Morrissey 60 1 2 2
2 Mattias Backman Travis Dermott 40 1 1 3
Penalty Kill 4 Players Forward
Center Wing Time % Phy DF OF
1 Anton Gustafsson Nicolas Kerdiles 60 1 2 2
2 Markus Granlund Nicolas Deslauriers 40 1 2 2
Penalty Kill 4 Players Defense
Defense Defense Time % Phy DF OF
1 Andreas Englund Josh Morrissey 60 1 3 1
2 Mat Clark Mattias Backman 40 1 3 1
Penalty Kill - 3 Players Forward
Forward Time % Phy DF OF
1 Anton Gustafsson 60 1 3 1
2 Mark McNeill 40 1 3 1
Penalty Kill - 3 Players Defense
Defense Defense Time % Phy DF OF
1 Andreas Englund Josh Morrissey 60 1 3 1
2 Mat Clark Mattias Backman 40 1 3 1
4 vs 4 Forward
Center Wing Time % Phy DF OF
1 Scott Laughton Blake Geoffrion 60 1 2 2
2 Anton Gustafsson Chris Lawrence 40 1 2 2
4 vs 4 Defense
Defense Defense Time % Phy DF OF
1 Mat Clark Josh Morrissey 60 1 2 2
2 Mattias Backman Travis Dermott 40 1 2 2
Last Minutes Offensive
Center Left Wing Right Wing Defense Defense
Scott Laughton Blake Geoffrion Chris Lawrence Josh Morrissey Travis Dermott
Last Minutes Defensive
Center Left Wing Right Wing Defense Defense
Markus Granlund Nicolas Kerdiles Mark McNeill Josh Morrissey Travis Dermott
Goaltenders
Starting : Niklas Svedberg
Backup : Felix Sanstrom
Extra Forwards
Normal : Riley Barber, Markus Granlund, Mark McNeill - PP : Riley Barber, Hunter Shinkaruk - PK : Riley Barber
Extra Defensemen
Normal : Adam Almquist, Mattias Backman, Trevor Van Riemsdyk - PP : Adam Almquist - PK : Mattias Backman, Trevor Van Riemsdyk
Penalty Shots
Joel Armia, Anton Gustafsson, Blake Geoffrion, Chris Lawrence, Scott Laughton
Scratches
Ryan Olsen (Healthy), Freddie Hamilton (Healthy), Sergei Zborovskiy (Healthy), Filip Chlapik (Healthy), Stanislav Galiev (Healthy)
Mark MacMillan (Healthy), Troy Bourke (Healthy), Alexandre Mallet (Healthy), Christian Djoos (Back Spasms Injury), T.J Brodie (Back Injury)
Josh Wesley (Healthy), Linus Ullmark (Healthy), Tristan Jarry (Healthy)
Rafales
5 vs 5 Forward
Center Left Wing Right Wing Time % Phy DF OF
1 Zac Dalpe James Sheppard Andrew Shaw 40 1 1 3
2 Jayson Megna Garret Ross Brian Ferlin 25 2 1 2
3 Joe Labate Ben Thomson James Livingstone 20 2 2 1
4 Pavel Kraskovsky Tyrell Goulbourne Borna Rendulic 15 1 3 1
5 vs 5 Defense
Defense Defense Time % Phy DF OF
1 Connor Murphy Dylan McIlrath 40 1 2 2
2 Gabriel Carlsson Julian Melchiori 35 1 2 2
3 Julian Melchiori Slater Koekkoek 25 1 2 2
4 Connor Murphy Gabriel Carlsson 0 1 2 2
PowerPlay Forward
Center Left Wing Right Wing Time % Phy DF OF
1 Zac Dalpe James Sheppard Brian Ferlin 60 1 1 3
2 Joe Labate Garret Ross Andrew Shaw 40 1 1 3
PowerPlay Defense
Defense Defense Time % Phy DF OF
1 Connor Murphy Gabriel Carlsson 60 1 1 3
2 Dylan McIlrath Julian Melchiori 40 1 1 3
Penalty Kill 4 Players Forward
Center Wing Time % Phy DF OF
1 Jayson Megna Brian Ferlin 60 2 3 0
2 Zac Dalpe James Sheppard 40 1 4 0
Penalty Kill 4 Players Defense
Defense Defense Time % Phy DF OF
1 Joey Laleggia Julian Melchiori 60 1 3 1
2 Connor Murphy Gabriel Carlsson 40 1 3 1
Penalty Kill - 3 Players Forward
Forward Time % Phy DF OF
1 Jayson Megna 60 2 3 0
2 Zac Dalpe 40 1 4 0
Penalty Kill - 3 Players Defense
Defense Defense Time % Phy DF OF
1 Joey Laleggia Julian Melchiori 60 1 3 1
2 Connor Murphy Gabriel Carlsson 40 1 3 1
4 vs 4 Forward
Center Wing Time % Phy DF OF
1 Zac Dalpe Andrew Shaw 60 1 2 2
2 Jayson Megna James Sheppard 40 1 2 2
4 vs 4 Defense
Defense Defense Time % Phy DF OF
1 Connor Murphy Dylan McIlrath 60 1 2 2
2 Gabriel Carlsson Julian Melchiori 40 1 2 2
Last Minutes Offensive
Center Left Wing Right Wing Defense Defense
Zac Dalpe James Sheppard Andrew Shaw Connor Murphy Dylan McIlrath
Last Minutes Defensive
Center Left Wing Right Wing Defense Defense
Jayson Megna Garret Ross Andrew Shaw Joey Laleggia Connor Murphy
Goaltenders
Starting : Leland Irving
Backup : Chris Driedger
Extra Forwards
Normal : Andrew Shaw, Zac Dalpe, James Sheppard - PP : Andrew Shaw, Zac Dalpe - PK : Brian Ferlin
Extra Defensemen
Normal : Connor Murphy, Dylan McIlrath, Julian Melchiori - PP : Gabriel Carlsson - PK : Gabriel Carlsson, Connor Murphy
Penalty Shots
Zac Dalpe, James Sheppard, Andrew Shaw, Borna Rendulic, Connor Murphy
Scratches
Ryan Bourque (Healthy), Alexander Yelesin (Healthy), Blake Speers (Healthy), Brad Ross (Healthy), David Broll (Healthy)
Sean Maguire (Healthy)
% Time on Ice - Carnivores
Lines # - Real PCT - Wanted PCT - Time Play
Normal Forward
1 - 33% - 40% - 15:51
2 - 22% - 30% - 10:36
3 - 27% - 20% - 13:09
4 - 18% - 10% - 8:30
Normal Defense
1 - 39% - 40% - 18:53
2 - 27% - 30% - 13:07
3 - 19% - 20% - 9:00
4 - 15% - 10% - 7:06
PP Forward
1 - 59% - 60% - 4:39
2 - 41% - 40% - 3:17
PP Defense
1 - 63% - 60% - 5:02
2 - 37% - 40% - 2:54
PK Forward
1 - 77% - 60% - 3:03
2 - 23% - 40% - 0:55
PK Defense
1 - 71% - 60% - 2:50
2 - 29% - 40% - 1:08
PK3 Forward
1 - 0% - 60%
2 - 0% - 40%
PK3 Defense
1 - 0% - 60%
2 - 0% - 40%
44 Forward
1 - 0% - 60%
2 - 0% - 40%
44 Defense
1 - 0% - 60%
2 - 0% - 40%
Last Minute Offensive - 0:00
Last Minute Defensive - 0:00
Total
Forward - 60:00
Defense - 60:00
|
% Time on Ice - Rafales
Lines # - Real PCT - Wanted PCT - Time Play
Normal Forward
1 - 36% - 40% - 17:07
2 - 24% - 25% - 11:23
3 - 23% - 20% - 10:55
4 - 18% - 15% - 8:41
Normal Defense
1 - 46% - 40% - 22:19
2 - 28% - 35% - 13:39
3 - 24% - 25% - 11:22
4 - 2% - 0% - 0:46
PP Forward
1 - 64% - 60% - 2:32
2 - 36% - 40% - 1:26
PP Defense
1 - 68% - 60% - 2:42
2 - 32% - 40% - 1:16
PK Forward
1 - 67% - 60% - 5:20
2 - 33% - 40% - 2:36
PK Defense
1 - 66% - 60% - 5:14
2 - 34% - 40% - 2:42
PK3 Forward
1 - 0% - 60%
2 - 0% - 40%
PK3 Defense
1 - 0% - 60%
2 - 0% - 40%
44 Forward
1 - 0% - 60%
2 - 0% - 40%
44 Defense
1 - 0% - 60%
2 - 0% - 40%
Last Minute Offensive - 0:00
Last Minute Defensive - 0:00
Total
Forward - 60:00
Defense - 60:00
|
Play-by-Play
1st period
0:01 of 1st period - Scott Laughton wins face-off versus Zac Dalpe in neutral zone.
0:21 of 1st period - Minor Penalty to Dylan McIlrath for Hooking.
0:22 of 1st period - Jayson Megna wins face-off versus Scott Laughton in Rafales zone.
0:57 of 1st period - Snap shot by Blake Geoffrion.
0:57 of 1st period - Stopped by Leland Irving with a rebound.
2:21 of 1st period - Penalty to Dylan McIlrath is over, Dylan McIlrath is back on ice.
2:40 of 1st period - Nicolas Deslauriers is hit by Pavel Kraskovsky and loses puck.
3:07 of 1st period - Mark McNeill is hit by Brian Ferlin and loses puck.
3:29 of 1st period - Snap shot by Brett Connolly.
3:29 of 1st period - Goal by Brett Connolly - Carnivores : 1 - Rafales : 0.
3:30 of 1st period - Chris Lawrence wins face-off versus Jayson Megna in neutral zone.
3:33 of 1st period - Snap shot by Nicolas Kerdiles.
3:33 of 1st period - Shot Misses the Net.
3:35 of 1st period - Wrist shot by Chris Lawrence.
3:35 of 1st period - Stopped by Leland Irving with a rebound.
3:43 of 1st period - Josh Morrissey is hit by Jayson Megna and loses puck.
4:43 of 1st period - Snap shot by Brian Ferlin.
4:43 of 1st period - Stopped by Niklas Svedberg with a rebound.
4:45 of 1st period - Wrist shot by Dylan McIlrath.
4:45 of 1st period - Stopped by Niklas Svedberg without a rebound.
4:46 of 1st period - Jayson Megna wins face-off versus Scott Laughton in Carnivores zone.
4:47 of 1st period - Wrist shot by Brian Ferlin.
4:47 of 1st period - Shot Blocked by Nicolas Kerdiles.
4:49 of 1st period - Wrist shot by Brian Ferlin.
4:49 of 1st period - Goal by Brian Ferlin - Carnivores : 1 - Rafales : 1.
4:50 of 1st period - Scott Laughton wins face-off versus Zac Dalpe in neutral zone.
4:55 of 1st period - Wrist shot by Chris Lawrence.
4:55 of 1st period - Shot Misses the Net.
4:59 of 1st period - Wrist shot by Chris Lawrence.
4:59 of 1st period - Shot Misses the Net.
5:01 of 1st period - Snap shot by Scott Laughton.
5:01 of 1st period - Stopped by Leland Irving without a rebound.
5:02 of 1st period - Zac Dalpe wins face-off versus Scott Laughton in Rafales zone.
7:23 of 1st period - Backhand shot by Nicolas Deslauriers.
7:23 of 1st period - Stopped by Leland Irving with a rebound.
7:39 of 1st period - Wrist shot by Connor Murphy.
7:39 of 1st period - Shot Blocked by Lucas Wallmark.
7:41 of 1st period - Slapshot by Dylan McIlrath.
7:41 of 1st period - Deflect By Borna Rendulic.
7:41 of 1st period - Stopped by Niklas Svedberg without a rebound.
7:42 of 1st period - Andrew Shaw wins face-off versus Scott Laughton in Carnivores zone.
7:55 of 1st period - Mat Clark is hit by Zac Dalpe and loses puck.
8:37 of 1st period - Icing by Markus Granlund.
8:38 of 1st period - Zac Dalpe wins face-off versus Markus Granlund in Carnivores zone.
9:07 of 1st period - Snap shot by Markus Granlund.
9:07 of 1st period - Deflect By Mark McNeill.
9:07 of 1st period - Stopped by Leland Irving with a rebound.
9:25 of 1st period - Wrist shot by Zac Dalpe.
9:25 of 1st period - Shot Misses the Net.
9:49 of 1st period - Snap shot by Zac Dalpe.
9:49 of 1st period - Shot Misses the Net.
9:51 of 1st period - Slapshot by Zac Dalpe.
9:51 of 1st period - Stopped by Niklas Svedberg with a rebound.
9:53 of 1st period - Slapshot by Julian Melchiori.
9:53 of 1st period - Shot Blocked by Markus Granlund.
9:55 of 1st period - Slapshot by Julian Melchiori.
9:55 of 1st period - Shot Misses the Net.
9:57 of 1st period - Slapshot by Julian Melchiori.
9:57 of 1st period - Stopped by Niklas Svedberg without a rebound.
9:58 of 1st period - Scott Laughton wins face-off versus Jayson Megna in Carnivores zone.
9:58 of 1st period - Scott Laughton is hit by Jayson Megna.
11:16 of 1st period - Slapshot by Scott Laughton.
11:16 of 1st period - Stopped by Leland Irving with a rebound.
11:18 of 1st period - Slapshot by Scott Laughton.
11:18 of 1st period - Shot Misses the Net.
11:20 of 1st period - Snap shot by Carl Dahlstrom.
11:20 of 1st period - Shot Blocked by Slater Koekkoek.
11:22 of 1st period - Snap shot by Scott Laughton.
11:22 of 1st period - Stopped by Leland Irving without a rebound.
11:23 of 1st period - Scott Laughton wins face-off versus Pavel Kraskovsky in Rafales zone.
11:36 of 1st period - Josh Morrissey is hit by Tyrell Goulbourne and loses puck.
12:35 of 1st period - Zac Dalpe is hit by Markus Granlund and loses puck.
12:48 of 1st period - Minor Penalty to Zac Dalpe for High sticking.
12:49 of 1st period - Jayson Megna wins face-off versus Scott Laughton in Rafales zone.
13:19 of 1st period - Julian Melchiori is hit by Josh Morrissey and loses puck.
14:48 of 1st period - Penalty to Zac Dalpe is over, Zac Dalpe is back on ice.
14:58 of 1st period - Slapshot by Nicolas Deslauriers.
14:58 of 1st period - Deflect By Mark McNeill.
14:58 of 1st period - Shot Blocked by Gabriel Carlsson.
14:58 of 1st period - Puck is out of play.
14:59 of 1st period - Zac Dalpe wins face-off versus Markus Granlund in Rafales zone.
15:32 of 1st period - Slapshot by Pavel Kraskovsky.
15:32 of 1st period - Shot Misses the Net.
15:59 of 1st period - Mark McNeill is hit by Ben Thomson.
16:03 of 1st period - Wrist shot by Markus Granlund.
16:03 of 1st period - Shot Misses the Net.
16:13 of 1st period - Trevor Van Riemsdyk is hit by Brian Ferlin and loses puck.
18:03 of 1st period - Wrist shot by Brett Connolly.
18:03 of 1st period - Shot Misses the Net.
18:51 of 1st period - Wrist shot by Andrew Shaw.
18:51 of 1st period - Shot Misses the Net.
19:44 of 1st period - Icing by Garret Ross.
19:45 of 1st period - Blake Geoffrion wins face-off versus Jayson Megna in Rafales zone.
19:54 of 1st period - Wrist shot by Markus Granlund.
19:54 of 1st period - Stopped by Leland Irving with a rebound.
19:56 of 1st period - Wrist shot by Mark McNeill.
19:56 of 1st period - Stopped by Leland Irving with a rebound.
19:58 of 1st period - Slapshot by Trevor Van Riemsdyk.
19:58 of 1st period - Shot Blocked by Julian Melchiori.
Goals for this period are 1 for Carnivores vs 1 for Rafales.
Shots for this period are 10 for Carnivores vs 6 for Rafales.
2nd period
0:01 of 2nd period - Zac Dalpe wins face-off versus Scott Laughton in neutral zone.
0:16 of 2nd period - Slapshot by Zac Dalpe.
0:16 of 2nd period - Shot Blocked by Mat Clark.
0:26 of 2nd period - Julian Melchiori is hit by Anton Gustafsson and loses puck.
0:33 of 2nd period - Slapshot by Anton Gustafsson.
0:33 of 2nd period - Stopped by Leland Irving with a rebound.
0:35 of 2nd period - Slapshot by Joel Armia.
0:35 of 2nd period - Stopped by Leland Irving with a rebound.
0:39 of 2nd period - Slapshot by Blake Geoffrion.
0:39 of 2nd period - Goal by Blake Geoffrion - Carnivores : 2 - Rafales : 1.
0:40 of 2nd period - Scott Laughton wins face-off versus Zac Dalpe in neutral zone.
1:05 of 2nd period - Anton Gustafsson is hit by Julian Melchiori.
1:30 of 2nd period - Mark McNeill is hit by Dylan McIlrath and loses puck.
1:49 of 2nd period - Snap shot by Pavel Kraskovsky.
1:49 of 2nd period - Stopped by Niklas Svedberg with a rebound.
1:51 of 2nd period - Snap shot by Pavel Kraskovsky.
1:51 of 2nd period - Deflect By Scott Laughton.
1:51 of 2nd period - Shot Misses the Net.
1:51 of 2nd period - Puck is out of play.
1:52 of 2nd period - Zac Dalpe wins face-off versus Anton Gustafsson in Carnivores zone.
1:59 of 2nd period - Snap shot by Joel Armia.
1:59 of 2nd period - Shot Misses the Net.
2:24 of 2nd period - Josh Morrissey is hit by Julian Melchiori and loses puck.
3:09 of 2nd period - Wrist shot by Borna Rendulic.
3:09 of 2nd period - Shot Misses the Net.
3:11 of 2nd period - Snap shot by Tyrell Goulbourne.
3:11 of 2nd period - Deflect By Borna Rendulic.
3:11 of 2nd period - Stopped by Niklas Svedberg without a rebound.
3:12 of 2nd period - Scott Laughton wins face-off versus Pavel Kraskovsky in Carnivores zone.
3:48 of 2nd period - Slapshot by Zac Dalpe.
3:48 of 2nd period - Stopped by Niklas Svedberg with a rebound.
3:58 of 2nd period - Mat Clark is hit by Brian Ferlin and loses puck.
4:03 of 2nd period - Snap shot by Garret Ross.
4:03 of 2nd period - Shot Misses the Net.
4:05 of 2nd period - Slapshot by Julian Melchiori.
4:05 of 2nd period - Stopped by Niklas Svedberg with a rebound.
4:21 of 2nd period - Chris Lawrence is hit by Pavel Kraskovsky and loses puck.
4:28 of 2nd period - Scott Laughton is hit by Pavel Kraskovsky and loses puck.
4:39 of 2nd period - Adam Almquist is hit by Dylan McIlrath.
5:03 of 2nd period - Slater Koekkoek is hit by Mattias Backman and loses puck.
5:32 of 2nd period - Wrist shot by Nicolas Kerdiles.
5:32 of 2nd period - Stopped by Leland Irving with a rebound.
5:34 of 2nd period - Slapshot by Mat Clark.
5:34 of 2nd period - Deflect By Nicolas Kerdiles.
5:34 of 2nd period - Stopped by Leland Irving with a rebound.
5:36 of 2nd period - Snap shot by Josh Morrissey.
5:36 of 2nd period - Stopped by Leland Irving with a rebound.
5:50 of 2nd period - Wrist shot by Markus Granlund.
5:50 of 2nd period - Shot Blocked by Brian Ferlin.
6:14 of 2nd period - Snap shot by Andrew Shaw.
6:14 of 2nd period - Deflect By Zac Dalpe.
6:14 of 2nd period - Shot Misses the Net.
6:14 of 2nd period - Puck is out of play.
6:15 of 2nd period - Scott Laughton wins face-off versus Zac Dalpe in Carnivores zone.
6:15 of 2nd period - Scott Laughton is hit by Andrew Shaw.
6:28 of 2nd period - Minor Penalty to James Sheppard for Roughing.
6:29 of 2nd period - Scott Laughton wins face-off versus Jayson Megna in Rafales zone.
6:31 of 2nd period - Slapshot by Scott Laughton.
6:31 of 2nd period - Stopped by Leland Irving without a rebound.
6:32 of 2nd period - Scott Laughton wins face-off versus Jayson Megna in Rafales zone.
6:39 of 2nd period - Slapshot by Chris Lawrence.
6:39 of 2nd period - Deflect By Scott Laughton.
6:39 of 2nd period - Shot Misses the Net.
6:39 of 2nd period - Puck is out of play.
6:40 of 2nd period - Scott Laughton wins face-off versus Jayson Megna in Rafales zone.
6:41 of 2nd period - Snap shot by Nicolas Kerdiles.
6:41 of 2nd period - Shot Misses the Net.
6:43 of 2nd period - Wrist shot by Chris Lawrence.
6:43 of 2nd period - Shot Misses the Net.
6:45 of 2nd period - Slapshot by Josh Morrissey.
6:45 of 2nd period - Shot Blocked by Joey Laleggia.
6:47 of 2nd period - Snap shot by Nicolas Kerdiles.
6:47 of 2nd period - Deflect By Scott Laughton.
6:47 of 2nd period - Shot Misses the Net.
6:47 of 2nd period - Puck is out of play.
6:48 of 2nd period - Jayson Megna wins face-off versus Chris Lawrence in Rafales zone.
6:48 of 2nd period - Jayson Megna is hit by Chris Lawrence.
6:58 of 2nd period - Snap shot by Scott Laughton.
6:58 of 2nd period - Stopped by Leland Irving without a rebound.
6:59 of 2nd period - Scott Laughton wins face-off versus Jayson Megna in Rafales zone.
7:04 of 2nd period - Wrist shot by Nicolas Kerdiles.
7:04 of 2nd period - Stopped by Leland Irving with a rebound.
7:06 of 2nd period - Slapshot by Mat Clark.
7:06 of 2nd period - Deflect By Brian Ferlin.
7:06 of 2nd period - Stopped by Leland Irving without a rebound.
7:07 of 2nd period - Scott Laughton wins face-off versus Jayson Megna in Rafales zone.
7:18 of 2nd period - Slapshot by Scott Laughton.
7:18 of 2nd period - Shot Blocked by Jayson Megna.
7:20 of 2nd period - Snap shot by Josh Morrissey.
7:20 of 2nd period - Deflect By Julian Melchiori.
7:20 of 2nd period - Stopped by Leland Irving without a rebound.
7:21 of 2nd period - Jayson Megna wins face-off versus Scott Laughton in Rafales zone.
8:28 of 2nd period - Penalty to James Sheppard is over, James Sheppard is back on ice.
8:34 of 2nd period - Snap shot by Brett Connolly.
8:34 of 2nd period - Stopped by Leland Irving with a rebound.
8:42 of 2nd period - Wrist shot by Brian Ferlin.
8:42 of 2nd period - Stopped by Niklas Svedberg without a rebound.
8:43 of 2nd period - Andrew Shaw wins face-off versus Markus Granlund in Carnivores zone.
9:10 of 2nd period - Ben Thomson is hit by Scott Laughton and loses puck.
9:37 of 2nd period - Snap shot by Hunter Shinkaruk.
9:37 of 2nd period - Stopped by Leland Irving with a rebound.
9:39 of 2nd period - Slapshot by Josh Morrissey.
9:39 of 2nd period - Shot Blocked by James Livingstone.
9:51 of 2nd period - Slapshot by Connor Murphy.
9:51 of 2nd period - Stopped by Niklas Svedberg without a rebound.
9:52 of 2nd period - Zac Dalpe wins face-off versus Scott Laughton in Carnivores zone.
10:07 of 2nd period - Andrew Shaw is hit by Scott Laughton and loses puck.
11:22 of 2nd period - Snap shot by Brian Ferlin.
11:22 of 2nd period - Shot Blocked by Mat Clark.
11:24 of 2nd period - Wrist shot by Garret Ross.
11:24 of 2nd period - Shot Blocked by Markus Granlund.
11:26 of 2nd period - Wrist shot by Julian Melchiori.
11:26 of 2nd period - Shot Misses the Net.
11:28 of 2nd period - Slapshot by Gabriel Carlsson.
11:28 of 2nd period - Shot Misses the Net.
11:30 of 2nd period - Slapshot by Julian Melchiori.
11:30 of 2nd period - Stopped by Niklas Svedberg with a rebound.
11:32 of 2nd period - Wrist shot by Brian Ferlin.
11:32 of 2nd period - Goal by Brian Ferlin - Carnivores : 2 - Rafales : 2.
11:33 of 2nd period - Scott Laughton wins face-off versus Zac Dalpe in neutral zone.
11:57 of 2nd period - Zac Dalpe is hit by Nicolas Kerdiles and loses puck.
12:27 of 2nd period - Wrist shot by Chris Lawrence.
12:27 of 2nd period - Shot Misses the Net.
12:51 of 2nd period - Andreas Englund is hit by Dylan McIlrath and loses puck.
13:13 of 2nd period - Snap shot by Scott Laughton.
13:13 of 2nd period - Stopped by Leland Irving without a rebound.
13:14 of 2nd period - Joel Armia wins face-off versus Joe Labate in Rafales zone.
13:50 of 2nd period - Nicolas Deslauriers is hit by Borna Rendulic and loses puck.
14:01 of 2nd period - Nicolas Deslauriers is hit by Garret Ross and loses puck.
14:10 of 2nd period - Wrist shot by Nicolas Deslauriers.
14:10 of 2nd period - Stopped by Leland Irving with a rebound.
14:12 of 2nd period - Slapshot by Travis Dermott.
14:12 of 2nd period - Stopped by Leland Irving without a rebound.
14:13 of 2nd period - Joe Labate wins face-off versus Blake Geoffrion in Rafales zone.
14:25 of 2nd period - Wrist shot by Blake Geoffrion.
14:25 of 2nd period - Stopped by Leland Irving without a rebound.
14:26 of 2nd period - Anton Gustafsson wins face-off versus Joe Labate in Rafales zone.
14:50 of 2nd period - Icing by Ben Thomson.
14:51 of 2nd period - Markus Granlund wins face-off versus Joe Labate in Rafales zone.
14:56 of 2nd period - Slapshot by Nicolas Deslauriers.
14:56 of 2nd period - Goal by Nicolas Deslauriers - Carnivores : 3 - Rafales : 2.
14:57 of 2nd period - Scott Laughton wins face-off versus Zac Dalpe in neutral zone.
15:09 of 2nd period - Off-side.
15:10 of 2nd period - Scott Laughton wins face-off versus Zac Dalpe in neutral zone.
15:22 of 2nd period - Nicolas Kerdiles is hit by Zac Dalpe and loses puck.
15:40 of 2nd period - Dylan McIlrath is hit by Mat Clark and loses puck.
16:21 of 2nd period - Wrist shot by Hunter Shinkaruk.
16:21 of 2nd period - Goal by Hunter Shinkaruk - Carnivores : 4 - Rafales : 2.
16:22 of 2nd period - James Sheppard wins face-off versus Chris Lawrence in neutral zone.
16:29 of 2nd period - Snap shot by Andrew Shaw.
16:29 of 2nd period - Deflect By Mat Clark.
16:29 of 2nd period - Shot Misses the Net.
16:29 of 2nd period - Puck is out of play.
16:30 of 2nd period - Scott Laughton wins face-off versus Zac Dalpe in Carnivores zone.
17:14 of 2nd period - Snap shot by Markus Granlund.
17:14 of 2nd period - Shot Blocked by Julian Melchiori.
17:17 of 2nd period - Icing by Julian Melchiori.
17:18 of 2nd period - Scott Laughton wins face-off versus James Livingstone in Rafales zone.
17:19 of 2nd period - Snap shot by Chris Lawrence.
17:19 of 2nd period - Stopped by Leland Irving without a rebound.
17:20 of 2nd period - Joe Labate wins face-off versus Scott Laughton in Rafales zone.
17:35 of 2nd period - Wrist shot by James Livingstone.
17:35 of 2nd period - Stopped by Niklas Svedberg with a rebound.
17:45 of 2nd period - Nicolas Kerdiles is hit by Dylan McIlrath and loses puck.
18:00 of 2nd period - Wrist shot by James Livingstone.
18:00 of 2nd period - Deflect By Scott Laughton.
18:00 of 2nd period - Shot Misses the Net.
18:00 of 2nd period - Puck is out of play.
18:01 of 2nd period - Anton Gustafsson wins face-off versus Zac Dalpe in Carnivores zone.
18:12 of 2nd period - Slapshot by Joel Armia.
18:12 of 2nd period - Stopped by Leland Irving without a rebound.
18:13 of 2nd period - Zac Dalpe wins face-off versus Anton Gustafsson in Rafales zone.
18:13 of 2nd period - Zac Dalpe is hit by Mat Clark.
18:26 of 2nd period - Minor Penalty to Josh Morrissey for Holding Stick.
18:27 of 2nd period - Zac Dalpe wins face-off versus Anton Gustafsson in Carnivores zone.
Goals for this period are 3 for Carnivores vs 1 for Rafales.
Shots for this period are 21 for Carnivores vs 9 for Rafales.
3rd period
0:01 of 3rd period - Zac Dalpe wins face-off versus Anton Gustafsson in neutral zone.
0:26 of 3rd period - Penalty to Josh Morrissey is over, Josh Morrissey is back on ice.
2:31 of 3rd period - Snap shot by Anton Gustafsson.
2:31 of 3rd period - Shot Misses the Net.
3:03 of 3rd period - Snap shot by Borna Rendulic.
3:03 of 3rd period - Stopped by Niklas Svedberg without a rebound.
3:04 of 3rd period - Markus Granlund wins face-off versus Zac Dalpe in Carnivores zone.
3:09 of 3rd period - Wrist shot by Andrew Shaw.
3:09 of 3rd period - Stopped by Niklas Svedberg with a rebound.
3:11 of 3rd period - Backhand shot by Slater Koekkoek.
3:11 of 3rd period - Stopped by Niklas Svedberg with a rebound.
3:29 of 3rd period - Slater Koekkoek is hit by Hunter Shinkaruk.
3:33 of 3rd period - Lucas Wallmark is hit by Garret Ross and loses puck.
6:03 of 3rd period - Slapshot by Mat Clark.
6:03 of 3rd period - Stopped by Leland Irving without a rebound.
6:04 of 3rd period - Riley Barber wins face-off versus Zac Dalpe in Rafales zone.
6:25 of 3rd period - Riley Barber is hit by James Sheppard and loses puck.
6:54 of 3rd period - Slapshot by Blake Geoffrion.
6:54 of 3rd period - Deflect By Chris Lawrence.
6:54 of 3rd period - Shot Misses the Net.
6:54 of 3rd period - Puck is out of play.
6:55 of 3rd period - Zac Dalpe wins face-off versus Lucas Wallmark in Rafales zone.
6:57 of 3rd period - Icing by James Sheppard.
6:58 of 3rd period - Lucas Wallmark wins face-off versus Zac Dalpe in Rafales zone.
7:30 of 3rd period - Snap shot by Brian Ferlin.
7:30 of 3rd period - Stopped by Niklas Svedberg without a rebound.
7:31 of 3rd period - Jayson Megna wins face-off versus Markus Granlund in Carnivores zone.
7:38 of 3rd period - Wrist shot by Brian Ferlin.
7:38 of 3rd period - Shot Misses the Net.
7:40 of 3rd period - Snap shot by Garret Ross.
7:40 of 3rd period - Stopped by Niklas Svedberg with a rebound.
7:42 of 3rd period - Slapshot by Connor Murphy.
7:42 of 3rd period - Stopped by Niklas Svedberg without a rebound.
7:43 of 3rd period - Zac Dalpe wins face-off versus Anton Gustafsson in Carnivores zone.
7:57 of 3rd period - Icing by Julian Melchiori.
7:58 of 3rd period - Zac Dalpe wins face-off versus Scott Laughton in Rafales zone.
8:07 of 3rd period - Slapshot by Julian Melchiori.
8:07 of 3rd period - Deflect By Andreas Englund.
8:07 of 3rd period - Stopped by Niklas Svedberg without a rebound.
8:08 of 3rd period - Zac Dalpe wins face-off versus Chris Lawrence in Carnivores zone.
8:17 of 3rd period - Wrist shot by Zac Dalpe.
8:17 of 3rd period - Stopped by Niklas Svedberg with a rebound.
8:19 of 3rd period - Snap shot by Zac Dalpe.
8:19 of 3rd period - Shot Blocked by Mattias Backman.
8:21 of 3rd period - Slapshot by Gabriel Carlsson.
8:21 of 3rd period - Stopped by Niklas Svedberg without a rebound.
8:22 of 3rd period - Anton Gustafsson wins face-off versus Zac Dalpe in Carnivores zone.
8:50 of 3rd period - Snap shot by Julian Melchiori.
8:50 of 3rd period - Stopped by Niklas Svedberg with a rebound.
8:56 of 3rd period - Backhand shot by Josh Morrissey.
8:56 of 3rd period - Stopped by Leland Irving with a rebound.
8:58 of 3rd period - Slapshot by Scott Laughton.
8:58 of 3rd period - Shot Misses the Net.
9:12 of 3rd period - Slapshot by Ben Thomson.
9:12 of 3rd period - Deflect By Joe Labate.
9:12 of 3rd period - Shot Blocked by Andreas Englund.
9:12 of 3rd period - Puck is out of play.
9:13 of 3rd period - Anton Gustafsson wins face-off versus James Livingstone in Carnivores zone.
9:20 of 3rd period - Wrist shot by Mattias Backman.
9:20 of 3rd period - Shot Blocked by Connor Murphy.
9:22 of 3rd period - Snap shot by Andreas Englund.
9:22 of 3rd period - Shot Blocked by Dylan McIlrath.
9:24 of 3rd period - Slapshot by Andreas Englund.
9:24 of 3rd period - Stopped by Leland Irving with a rebound.
9:26 of 3rd period - Slapshot by Mattias Backman.
9:26 of 3rd period - Shot Blocked by Joe Labate.
9:28 of 3rd period - Snap shot by Joel Armia.
9:28 of 3rd period - Stopped by Leland Irving without a rebound.
9:29 of 3rd period - Scott Laughton wins face-off versus Zac Dalpe in Rafales zone.
9:30 of 3rd period - Snap shot by Chris Lawrence.
9:30 of 3rd period - Goal by Chris Lawrence - Carnivores : 5 - Rafales : 2.
9:31 of 3rd period - Anton Gustafsson wins face-off versus Zac Dalpe in neutral zone.
9:52 of 3rd period - Minor Penalty to James Sheppard for Charging.
9:53 of 3rd period - Scott Laughton wins face-off versus Jayson Megna in Rafales zone.
9:58 of 3rd period - Snap shot by Scott Laughton.
9:58 of 3rd period - Shot Misses the Net.
10:27 of 3rd period - Wrist shot by Josh Morrissey.
10:27 of 3rd period - Stopped by Leland Irving without a rebound.
10:28 of 3rd period - Zac Dalpe wins face-off versus Scott Laughton in Rafales zone.
10:58 of 3rd period - Slapshot by Travis Dermott.
10:58 of 3rd period - Deflect By Blake Geoffrion.
10:58 of 3rd period - Deflect By Joey Laleggia.
10:58 of 3rd period - Shot Misses the Net.
10:58 of 3rd period - Puck is out of play.
10:59 of 3rd period - Zac Dalpe wins face-off versus Nicolas Kerdiles in Rafales zone.
11:26 of 3rd period - Wrist shot by Blake Geoffrion.
11:26 of 3rd period - Stopped by Leland Irving with a rebound.
11:28 of 3rd period - Slapshot by Travis Dermott.
11:28 of 3rd period - Deflect By Anton Gustafsson.
11:28 of 3rd period - Shot Blocked by Jayson Megna.
11:28 of 3rd period - Puck is out of play.
11:29 of 3rd period - Jayson Megna wins face-off versus Anton Gustafsson in Rafales zone.
11:38 of 3rd period - Snap shot by Mattias Backman.
11:38 of 3rd period - Deflect By Zac Dalpe.
11:38 of 3rd period - Stopped by Leland Irving with a rebound.
11:52 of 3rd period - Penalty to James Sheppard is over, James Sheppard is back on ice.
12:20 of 3rd period - Slapshot by Gabriel Carlsson.
12:20 of 3rd period - Shot Misses the Net.
12:36 of 3rd period - Snap shot by Travis Dermott.
12:36 of 3rd period - Stopped by Leland Irving with a rebound.
12:38 of 3rd period - Slapshot by Blake Geoffrion.
12:38 of 3rd period - Stopped by Leland Irving without a rebound.
12:39 of 3rd period - Scott Laughton wins face-off versus Joe Labate in Rafales zone.
13:04 of 3rd period - Borna Rendulic is hit by Mark McNeill and loses puck.
13:13 of 3rd period - Snap shot by Pavel Kraskovsky.
13:13 of 3rd period - Stopped by Niklas Svedberg with a rebound.
13:35 of 3rd period - Wrist shot by Brett Connolly.
13:35 of 3rd period - Shot Blocked by Connor Murphy.
15:59 of 3rd period - Andreas Englund is hit by Julian Melchiori and loses puck.
16:16 of 3rd period - Ben Thomson is hit by Nicolas Kerdiles and loses puck.
16:29 of 3rd period - Trevor Van Riemsdyk is hit by Connor Murphy and loses puck.
16:59 of 3rd period - Slapshot by Zac Dalpe.
16:59 of 3rd period - Shot Misses the Net.
17:01 of 3rd period - Wrist shot by Connor Murphy.
17:01 of 3rd period - Stopped by Niklas Svedberg without a rebound.
17:02 of 3rd period - Joe Labate wins face-off versus Scott Laughton in Carnivores zone.
17:28 of 3rd period - Minor Penalty to Mat Clark for Hooking.
17:29 of 3rd period - Zac Dalpe wins face-off versus Anton Gustafsson in Carnivores zone.
17:46 of 3rd period - Nicolas Kerdiles is hit by Zac Dalpe and loses puck.
18:30 of 3rd period - Snap shot by Zac Dalpe.
18:30 of 3rd period - Stopped by Niklas Svedberg with a rebound.
18:32 of 3rd period - Slapshot by Connor Murphy.
18:32 of 3rd period - Stopped by Niklas Svedberg without a rebound.
18:33 of 3rd period - Markus Granlund wins face-off versus Joe Labate in Carnivores zone.
18:38 of 3rd period - Andrew Shaw is hit by Nicolas Deslauriers and loses puck.
19:19 of 3rd period - James Sheppard is hit by Trevor Van Riemsdyk and loses puck.
19:28 of 3rd period - Penalty to Mat Clark is over, Mat Clark is back on ice.
Goals for this period are 1 for Carnivores vs 0 for Rafales.
Shots for this period are 10 for Carnivores vs 14 for Rafales.